 Dungeon Crawl Stone Soup version 0.29.1-2-gbd0b4ee654 (webtiles) character file.

Game seed: 8598560632361101471

14378 Peloso the Carver (level 11, -12/95 (101) HPs)
             Began as a Minotaur Fighter on Nov 30, 2022.
             Was an Elder of Okawaru.
             Mangled by a death scarab (16 damage)
             ... in a Gauntlet.
             The game lasted 00:28:06 (11635 turns).

Peloso the Carver (Minotaur Fighter)               Turns: 11635, Time: 00:28:06

HP:   -12/95 (101)  AC: 19    Str: 23    XL:     11   Next: 87%
MP:   10/11         EV: 13    Int:  5    God:    Okawaru [****..]
Gold: 37            SH:  8    Dex: 18    Spells: 10/10 levels left

rFire   + . .      SeeInvis .   a - +1 long sword
rCold   . . .      Faith    .   e - +0 buckler
rNeg    . . .      Spirit   .   c - +2 chain mail {rPois}
rPois   +          Reflect  .   (helmet restricted)
rElec   .          Harm     .   p - +0 cloak of Classification {rF+ Will+ Slay+3}
rCorr   +          Rampage  .   (no gloves)
Will    +....      NoTele   +   r - +0 pair of boots
Stlth   +.........              q - amulet of regeneration
HPRegen 1.05/turn               f - +6 ring of dexterity
MPRegen 0.12/turn               G - ring of resist corrosion

@: heroic, slowed, drained, very slow
A: horns 2, retaliatory headbutt
a: Renounce Religion, Heroism, Finesse


You were in a Gauntlet.
You worshipped Okawaru.
Okawaru was greatly pleased with you.
You visited 3 branches of the dungeon, and saw 13 of its levels.
You also visited: Gauntlet.

You collected 684 gold pieces.
You spent 647 gold pieces at shops.

Inventory:

Hand Weapons
 a - a +1 long sword (weapon)
 b - a +1 hand axe of flaming
Missiles
 D - 2 throwing nets (quivered)
Armour
 c - a +2 chain mail of poison resistance (worn)
 d - a +4 chain mail
 e - a +0 buckler (worn)
 p - the +0 cloak of Classification (worn) {rF+ Will+ Slay+3}
   (You found it on level 2 of the Dungeon)

   Slay:      It affects your accuracy & damage with ranged weapons and melee
   (+3).
   rF:        It protects you from fire.
   Will:      It increases your willpower.
 r - a +0 pair of boots (worn)
Jewellery
 f - a +6 ring of dexterity (left hand)
 q - an amulet of regeneration (around neck)
 G - a ring of resist corrosion (right hand)
 L - a ring of fire
 M - a ring of protection from fire
 S - a ring of protection from fire
 U - a ring of willpower
Wands
 C - a wand of acid (1)
 F - a wand of flame (9)
 H - a wand of charming (3)
 K - a wand of roots (15)
 Q - a wand of mindburst (6)
Scrolls
 h - 5 scrolls of enchant weapon
 k - 2 scrolls of magic mapping
 l - 2 scrolls of poison {unknown}
 m - 2 scrolls of enchant armour {unknown}
 t - 2 scrolls of torment {unknown}
 u - a scroll of brand weapon {unknown}
 v - 3 scrolls of amnesia {unknown}
 y - 4 scrolls of immolation {unknown}
 z - 7 scrolls of teleportation {unknown}
 A - 2 scrolls of vulnerability {unknown}
 I - a scroll of blinking {unknown}
 O - a scroll of noise {unknown}
 P - 2 scrolls of silence {unknown}
 R - a scroll of acquirement
 T - a scroll of fear {unknown}
Potions
 i - 2 potions of might
 j - 2 potions of ambrosia
 n - 5 potions of curing
 o - 2 potions of brilliance
 s - a potion of invisibility
 w - a potion of berserk rage
 x - a potion of cancellation
 B - 2 potions of mutation
 E - a potion of magic {unknown}
Miscellaneous
 J - a lightning rod (4/4)
 N - a phial of floods


   Skills:
 + Level 10.8(15.8) Fighting
 + Level 14.2(19.2) Long Blades
 + Level 12.2(17.2) Armour
 + Level 3.1(8.1) Dodging
 + Level 1.6(6.6) Stealth
 + Level 9.3(14.3) Shields
 + Level 1.3 Invocations
 + Level 0.8 Evocations


You had 10 spell levels left.
You didn't know any spells.
Your spell library contained the following spells:

 Spells                   Type           Power      Damage    Failure   Level
 Apportation              Tloc           0%         N/A       94%         1
 Necrotise                Necr           0%         1d4       94%         1
 Cause Fear               Hex            0%         N/A       100%        4
 Fulminant Prism          Conj/Hex       0%         3d6       100%        4
 Iskenderun's Mystic Bla  Conj/Tloc      0%         2d3       100%        4
 Passage of Golubria      Tloc           0%         N/A       100%        4
 Lee's Rapid Deconstruct  Erth           0%         3d5*      100%        5
 Silence                  Hex/Air        0%         N/A       100%        5
 Yara's Violent Unravell  Hex/Tmut       0%         3d3       100%        5
 Dragon Form              Tmut           0%         N/A       100%        7
 Summon Small Mammal      Summ           Unusable   N/A       N/A         1
 Tukima's Dance           Hex            Unusable   N/A       N/A         3
 Dragon's Call            Summ           Unusable   N/A       N/A         9

Dungeon Overview and Level Annotations

Branches:
Dungeon (11/15)            Temple (1/1) D:7            Lair (1/5) D:9
    Orc (0/2) D:9         Gauntlet (1/1)

Altars:
Ashenzari
Cheibriados
Dithmenos
Elyvilon
Fedhas
Gozag
Hepliaklqana
Kikubaaqudgha
Makhleb
Nemelex Xobeh
Okawaru
Qazlal
Ru
Sif Muna
Trog
Uskayaw
Vehumet
Wu Jian
Xom
Yredelemnul
Zin
The Shining One

Shops:
D:4 ?(?=   D:11 *

Annotations:
D:11 3 runed translucent doors, aeroqp's ghost, journeyman TeAE; ymhsbmbesitwf's ghost, journeyman DrFi Gauntlet 17 transporters, exclusion: 2 orange crystal statues


Innate Abilities, Weirdness & Mutations

You have a pair of horns on your head.
You reflexively headbutt those who attack you in melee.


Message History

You miss the death scarab. The death scarab bites you!
The death scarab drains your vigour!
You feel yourself slow down.
The death scarab draws strength from your injuries!
The death scarab closely misses you. You furiously retaliate!
You headbutt the death scarab.
You hit the death scarab but do no damage.
The death scarab is moderately damaged.
The death scarab barely misses you.
You slash the death scarab! Your headbutt misses the death scarab.
The death scarab is severely damaged.
You block the death scarab's attack. x2; The death scarab bites you!!
The death scarab draws strength from your injuries!
You block the spectral komodo dragon's attack.
The spectral komodo dragon closely misses you.
The death scarab's many legs skitter faintly.
The death scarab bites you. The death scarab drains your vigour!
You feel as though you will be slow longer.
The death scarab draws strength from your injuries!
The spectral komodo dragon bites you!
You feel drained.
You barely miss the death scarab. Your headbutt misses the death scarab.
The death scarab is heavily damaged.
The death scarab bites you! The death scarab drains your vigour!
You feel as though you will be slow longer.
The death scarab draws strength from your injuries!
The spectral komodo dragon bites you! You block the death scarab's attack.
The death scarab bites you but does no damage.
The spectral komodo dragon bites you!
* * * LOW HITPOINT WARNING * * *
You feel drained.
* * * LOW HITPOINT WARNING * * *
You feel better. The death scarab bites you!!
* * * LOW HITPOINT WARNING * * *
The death scarab draws strength from your injuries!
You block the death scarab's attack.
The spectral komodo dragon closely misses you.
You miss the death scarab.
The death scarab is lightly damaged.
The death scarab bites you!
You die...

8≈≈#©.........©.........©#§§8≈≈#.
################################.
#.##...#.#.≈.=©?≈..#.#...b.....#.
...#.###.#.≈.≈...≈.#.#.#.##.##.#.
#..©.###.#..≈...≈≈.#.#.^..#^.^!#.
#.###b.#.#.≈.≈≈≈.≈.#.#.##.##.#.#.
..##.###.#≈≈.≈©≈..≈#.#..#.©#..©#©
##...###.#..≈...≈.≈#.#b.##.##..##
#.###..#.#.≈≈.≈Z@≈.#.#b..#..^.[#.
..##b###.#.≈..≈B.≈.#.#.#.##.##.#.
.tbb####.#.≈...≈≈..#.#..t.....^#.
########.###########.###########.
..............©..................
.................................
#############.∩.#################
8# #8# #8# #...# #8# #8# #8# #8
## ### ### #≈∩§# ### ### ### ##


You could see a spectral komodo dragon, a death scarab and 2 fire bats.

Vanquished Creatures
  3 hydras
  A centaur warrior (D:10)
  A cyclops (D:10)
  A cane toad (Lair:1)
  An unseen horror (D:11)
  A kobold demonologist (D:11)
  3 trolls
  4 hornets
  2 dream sheep (D:10)
  2 wraiths
  A wyvern (D:5)
  23 yaks
  2 steam dragons
  2 acid dragons (D:11)
  A water moccasin (D:9)
  A black bear (D:7)
  4 orc warriors
  An ogre (D:4)
  3 centaurs
  2 wolves (D:9)
  2 phantoms
  10 kobold brigands
  Blork the orc (D:6)
  A scorpion (D:5)
  6 bullfrogs
  A gnoll sergeant (D:9)
  17 wights
  5 electric eels (D:9)
  A howler monkey (D:7)
  A quasit (D:8)
  An iron imp (D:8)
  5 hounds
  8 orc priests
  A jelly (D:6)
  2 gnoll boudas
  2 iguanas
  10 orc wizards
  17 gnolls
  3 adders
  4 shadow imps
  4 white imps
  4 ufetubi
  A worm (D:3)
  3 dart slugs
  34 orcs
  4 bats
  3 endoplasms
  3 giant cockroaches
  10 goblins
  4 hobgoblins
  4 jackals (D:2)
  38 kobolds
  5 quokkas
  10 ball pythons
  A frilled lizard (D:1)
  11 kobold skeletons (D:11)
  7 kobold zombies (D:11)
  6 rats
309 creatures vanquished.

Vanquished Creatures (others)
  5 kobolds (D:9)
  2 demonic plants (D:8)
  A fungus (Lair:1)
  A plant (D:10)
  13 withered plants
22 creatures vanquished.

Grand Total: 331 creatures vanquished

Notes
Turn   | Place    | Note
-------+----------+-------------------------------------------
     0 | D:1      | Peloso the Minotaur Fighter began the quest for the Orb.
     0 | D:1      | Reached XP level 1. HP: 19/19 MP: 0/0
   170 | D:1      | Reached XP level 2. HP: 27/27 MP: 1/1
  1014 | D:2      | Reached XP level 3. HP: 29/33 MP: 2/2
  1058 | D:2      | Found a faded altar of an unknown god.
  1159 | D:2      | Reached skill level 3 in Long Blades
  1309 | D:2      | Identified the +0 cloak of Classification {rF+ Will+
                  | Slay+3}
  1410 | D:2      | Reached XP level 4. HP: 36/40 MP: 3/3
  1823 | D:3      | Reached skill level 5 in Armour
  2255 | D:3      | Found a glowing silver altar of Zin.
  2453 | D:4      | Noticed an ogre
  2585 | D:4      | Found Luyczor's Magic Scroll Shoppe.
  2606 | D:4      | Found Usuitaon's Jewellery Shoppe.
  2608 | D:4      | Noticed a phantom
  2613 | D:4      | Killed a phantom
  2614 | D:4      | Reached skill level 4 in Long Blades
  2614 | D:4      | Reached XP level 5. HP: 47/47 MP: 4/4
  2631 | D:4      | Found Gocigemetz's Magic Scroll Boutique.
  2641 | D:4      | Bought a scroll of magic mapping for 75 gold pieces
  2660 | D:4      | Killed an ogre
  2831 | D:4      | Reached XP level 6. HP: 53/53 MP: 5/5
  2933 | D:4      | Reached skill level 5 in Long Blades
  3523 | D:4      | Found a basalt altar of Yredelemnul.
  3523 | D:4      | Found a sparkling altar of Nemelex Xobeh.
  3769 | D:4      | Found Bajos's Weapon Emporium.
  3932 | D:5      | Entered Level 5 of the Dungeon
  3949 | D:5      | Noticed a wyvern
  3957 | D:5      | Killed a wyvern
  3958 | D:5      | Reached skill level 5 in Fighting
  3958 | D:5      | Reached skill level 6 in Long Blades
  3958 | D:5      | Reached XP level 7. HP: 36/61 MP: 6/6
  4334 | D:5      | Reached skill level 7 in Long Blades
  4414 | D:6      | Noticed Blork the orc
  4426 | D:6      | Killed Blork the orc
  4427 | D:6      | Reached skill level 5 in Shields
  4427 | D:6      | Reached XP level 8. HP: 67/69 MP: 7/7
  4446 | D:6      | Reached skill level 8 in Long Blades
  4464 | D:6      | Reached skill level 1 in Stealth
  4574 | D:6      | Found a white marble altar of Elyvilon.
  4687 | D:6      | Reached skill level 9 in Long Blades
  4946 | D:6      | Reached XP level 9. HP: 78/78 MP: 8/8
  5264 | D:7      | Reached skill level 10 in Long Blades
  5399 | D:7      | Got Sif Muna's Discursus on Beguiling
  5850 | D:7      | Found a staircase to the Ecumenical Temple.
  5855 | Temple   | Entered the Ecumenical Temple
  6147 | D:8      | Found a shimmering altar of Xom.
  6197 | D:8      | Reached skill level 1 in Dodging
  6254 | D:8      | Reached skill level 11 in Long Blades
  6675 | D:8      | Found a snail-covered altar of Cheibriados.
  6903 | D:9      | Paralysed by a hornet for 2 turns
  6908 | D:9      | Reached XP level 10. HP: 75/90 MP: 9/9
  6931 | D:9      | Reached skill level 12 in Long Blades
  7102 | D:9      | Found a staircase to the Lair.
  7169 | D:9      | Found a staircase to the Orcish Mines.
  7252 | D:9      | Found an opulent altar of Gozag.
  7379 | D:9      | Found a shadowy altar of Dithmenos.
  7398 | D:9      | Found an iron altar of Okawaru.
  7420 | D:9      | Reached skill level 13 in Long Blades
  7435 | D:9      | Became a worshipper of Warmaster Okawaru
  7940 | D:10     | Entered Level 10 of the Dungeon
  7983 | D:10     | Reached skill level 10 in Armour
  7993 | D:10     | Reached * piety under Okawaru
  8102 | D:10     | Reached XP level 11. HP: 97/97 MP: 10/10
  8353 | D:10     | Found a bloodstained altar of Trog.
  8823 | D:10     | Noticed a three-headed hydra
  8830 | D:10     | Killed a one-headed hydra
  8830 | D:10     | Reached ** piety under Okawaru
  9338 | D:11     | Noticed a centaur warrior
  9338 | D:11     | Found a runed translucent gate.
  9338 | D:11     | Found a runed translucent gate.
  9349 | D:10     | Killed a centaur warrior
  9382 | D:11     | Found a runed translucent gate.
  9389 | D:11     | Noticed aeroqp's ghost (journeyman TeAE)
  9389 | D:11     | Noticed ymhsbmbesitwf's ghost (journeyman DrFi)
  9404 | D:11     | Reached skill level 1 in Invocations
  9609 | D:11     | Found Sagoasom's General Store.
  9811 | D:4      | Bought a scroll of acquirement for 572 gold pieces
  9979 | D:11     | Noticed a four-headed hydra
 10117 | D:10     | Killed a one-headed hydra
 10118 | D:10     | Reached skill level 10 in Fighting
 10189 | D:11     | Reached *** piety under Okawaru
 10190 | D:11     | Reached skill level 14 in Long Blades
 10614 | D:11     | Found an ancient bone altar of Kikubaaqudgha.
 11034 | Lair:1   | Entered Level 1 of the Lair of Beasts
 11039 | Lair:1   | Noticed a five-headed hydra
 11062 | Lair:1   | Killed a one-headed hydra
 11062 | Lair:1   | Reached **** piety under Okawaru
 11164 | Lair:1   | Found a gate leading to a gauntlet.
 11173 | Gauntlet | Entered a Gauntlet
 11173 | Gauntlet | Found a transporter.
 11177 | Gauntlet | Noticed a death scarab
 11181 | Gauntlet | Found a transporter.
 11181 | Gauntlet | Noticed a fire crab
 11183 | Gauntlet | Found a transporter.
 11185 | Gauntlet | Found a transporter.
 11187 | Gauntlet | Noticed a hell hog
 11213 | Gauntlet | Noticed a fire crab
 11217 | Gauntlet | Found a transporter.
 11217 | Gauntlet | Found a transporter.
 11219 | Gauntlet | Noticed a reaper
 11232 | Gauntlet | Found a transporter.
 11248 | Gauntlet | Found a transporter.
 11252 | Gauntlet | Noticed a ghost crab
 11256 | Gauntlet | Found a transporter.
 11271 | Gauntlet | Found a transporter.
 11312 | Gauntlet | Found a transporter.
 11315 | Gauntlet | Noticed an orange crystal statue
 11321 | Gauntlet | Found a transporter.
 11342 | Gauntlet | Found a transporter.
 11373 | Gauntlet | Found a transporter.
 11373 | Gauntlet | Noticed an orange crystal statue
 11380 | Gauntlet | Found a transporter.
 11403 | Gauntlet | Found a transporter.
 11408 | Gauntlet | Noticed a blizzard demon
 11410 | Gauntlet | Found a transporter.
 11458 | Gauntlet | Found a transporter.
 11634 | Gauntlet | HP: 3/95 [death scarab (21)]
 11635 | Gauntlet | Mangled by a death scarab

Illustrated notes

Levels and vault maps discovered:
D:1:      lemuel_arrival_tunnels, layout_loops_ring, hangedman_decor_growths,
          glass_columns_c
D:2:      layout_basic, ebering_ecumenical_altar_petrified,
          kennysheep_cross_bottleneck
D:3:      layout_basic, zin_academy
D:4:      layout_basic, nicolae_overflow_two_pavilions, serial_shops,
          nicolae_lakefront_shop, nicolae_shop_bloodbath_and_beyond,
          shop_statue, shop
D:5:      layout_rooms
D:6:      layout_rooms, nicolae_elyvilon_peaceful_grove, dk_rats_in_the_wall,
          uniq_blork_the_orc
D:7:      layout_basic, minmay_temple_entry_statues_pillars
D:8:      layout_gridville, slow_altar_2, mainiacjoe_overflow_brackets,
          serial_demonic, serial_demonic_a, serial_demonic_c, serial_demonic_c,
          serial_demonic_d
D:9:      layout_roguey, grunt_gozag_statues,
          mainiacjoe_overflow_six_doors_small, okawaru_gym_becter,
          erik_lair_island, orc_0_dummy
D:10:     layout_stronghold, lightli_temple_of_fire, hangedman_ranch
D:11:     wander_kiku_kobolds, layout_irregular_city, serial_shops, shop,
          gammafunk_ghost_cemetery
Temple:   nicolae_temple_slightly_damp_pantheon
Lair:1:   layout_chaotic_city, gauntlet_entry_generic, uniq_urug
Gauntlet: gammafunk_gauntlet_one_two_three [nicolae_gauntlet_arena_flowing_pool,
          nicolae_gauntlet_arena_grate_2, gammafunk_gauntlet_arena_crates,
          gammafunk_gauntlet_arena_corners, gammafunk_gauntlet_arena_split_x,
          nicolae_gauntlet_swirl, gammafunk_gauntlet_arena_mazey,
          gammafunk_gauntlet_arena_spirals, nicolae_gauntlet_arena_quarters,
          nicolae_gauntlet_exit_dead_adventurers]

Skill      XL: |  1  2  3  4  5  6  7  8  9 10 11 |
---------------+----------------------------------+-----
Armour         | 4 5 6 7 8 10 12 | 12.2
Shields        | 4 5 6 7 9 |  9.3
Fighting       | 4 5 6 8 9 10 | 10.8
Long Blades    | 3 4 6 7 9 11 13 14 | 14.2
Stealth        | 1 |  1.6
Dodging        | 1 3 |  3.1
Invocations    | 1 |  1.3
Evocations     | |  0.8

Action                   |  1- 3 |  4- 6 |  7- 9 | 10-12 || total
-------------------------+-------+-------+-------+-------++-------
Melee: Long sword        |    93 |    96 |   287 |   358 ||   834
       Headbutt          |    15 |    15 |    62 |    90 ||   182
       Hand axe          |       |       |       |    31 ||    31
Invok: Heroism           |       |       |       |     4 ||     4
Evoke: Wand              |       |       |       |     9 ||     9
  Use: Scroll            |       |     6 |     5 |     1 ||    12
       Potion            |       |       |     1 |     3 ||     4
Armor: Chain mail        |    60 |    48 |   153 |   243 ||   504
       Scale mail        |     2 |       |       |       ||     2
Dodge: Dodged            |    32 |    38 |    90 |   159 ||   319
Block: Buckler           |    18 |    29 |    76 |   138 ||   261
